[Event "*** SCC Grand Prix: Titled Tuesday Blitz"]
[Site "Chess.com"]
[Date "2020.08.04"]
[Round "4"]
[White "vovachesss"]
[Black "GM_dmitrij"]
[Result "0-1"]
[WhiteElo "2585"]
[BlackElo "2875"]
[TimeControl "180+1"]
[EndTime "14:22:34 PDT"]
[Termination "GM_dmitrij won by checkmate"]

1. d4 Nf6 2. Nc3 g6 3. e4 d5 4. e5 Ne4 5. Bd3 Nxc3 6. bxc3 c5 7. h4 h5 8. Nf3 Bg4 9. Be3 Nc6 10. Rb1 Qc7 11.
Be2 e6 12. Bg5 Be7 13. Bxe7 Nxe7 14. Ng5 Bxe2 15. Qxe2 b6 16. Qb5+ Kf8 17. dxc5 Kg7 18. cxb6 Qxe5+ 19. Kf1 axb6 20. Qd7 Rhe8 21. Re1 Qf6 22.
Rh3 Rad8 23. Qc7 Rc8 24. Qd7 Kg8 25. c4 Red8 26. Qb7 Rxc4 27. Qxb6 Nf5 28. Nxe6 Re8 29. Ra3 Rxe6 30. Rxe6 Qxe6 31. Ra8+ Kh7 32. Qd8 Qe5 33. Ra7 Qa1+ 34. Ke2 Re4+ 35. Kd2 Qe1+ 36. Kd3 Rd4# 0-1

[Event "*** SCC Grand Prix: Titled Tuesday Blitz"]
[Site "Chess.com"]
[Date "2020.08.04"]
[Round "4"]
[White "DariaVoit"]
[Black "Batsai"]
[Result "1-0"]
[WhiteElo "2531"]
[BlackElo "2363"]
[TimeControl "180+1"]
[EndTime "14:22:37 PDT"]
[Termination "DariaVoit won on time"]

1. d4 Nf6 2. Nf3 g6 3. c4 Bg7 4.
Nc3 O-O 5. g3 d6 6. Bg2 Nbd7 7.
O-O e5 8. e4 c6 9. h3 Qb6 10.
d5 Qa6 11. Nd2 Nb6 12. b3 cxd5 13. cxd5 Bd7 14. Re1 Rac8 15. Bb2 Qa5 16. Rc1 Bb5 17. Nxb5 Qxb5 18. Bf1 Qd7 19. a4 Rxc1 20. Qxc1 Ne8 21. Bb5 Qxh3 22. a5 Nc8 23. Ba3 f5 24. Qxc8 Nf6 25.
Qe6+ Kh8 26. Bf1 Qh6 27. Nf3 fxe4 28. Nh2 Re8 29. Qxd6 e3 30. Rxe3 e4 31. Bb2 Nh5 32. Ng4 1-0

[Event "*** SCC Grand Prix: Titled Tuesday Blitz"]
[Site "Chess.com"]
[Date "2020.08.04"]
[Round "4"]
[White "wannabe2700"]
[Black "Nara_Kh"]
[Result "1-0"]
[WhiteElo "2676"]
[BlackElo "2338"]
[TimeControl "180+1"]
[EndTime "14:22:39 PDT"]
[Termination "wannabe2700 won by resignation"]

1. d4 d5 2. c4 c6 3. cxd5 cxd5 4. Bf4 Nf6 5. e3 Nc6 6. Nc3 a6 7. Be2 Bf5 8. Nf3 e6 9. Qb3 Nb4 10. Rc1 Bd6 11. Bxd6 Qxd6 12. Ne5 O-O 13. g4 Bg6 14. h4 h5 15. g5 Ne4 16. Nxg6 fxg6 17. Nxe4 dxe4 18.
O-O b5 19. Rc5 Nd5 20. Rfc1 Ra7 21. Rc6 Qd7 22. Bf1 Qf7 23. R1c2 Qf3 24. Bg2 Qd1+ 25. Kh2 Raf7 26. Rxe6 Rxf2 27. Rxf2 Qxb3 28. Rxf8+ Kxf8 29. axb3 Nxe3 30. Bxe4 Ng4+ 31. Kg3 Kf7 32. d5 Ne3 33.
Bxg6+ 1-0

[Event "*** SCC Grand Prix: Titled Tuesday Blitz"]
[Site "Chess.com"]
[Date "2020.08.04"]
[Round "4"]
[White "12teen"]
[Black "crescentmoon2411"]
[Result "1-0"]
[WhiteElo "2681"]
[BlackElo "2776"]
[TimeControl "180+1"]
[EndTime "14:22:44 PDT"]
[Termination "12teen won by resignation"]

1. g3 d5 2. Bg2 c6 3. d3 Bf5 4. Nc3 e6 5. Bd2 h6 6. e4 Bh7 7. f4 Nf6 8. Qe2 Be7 9. Nf3 O-O 10. e5 Nfd7 11. h4 b5 12. g4 b4 13. Nd1 c5 14. g5 h5 15. Ne3 Nc6 16. Nf1 Bf5 17.
Ne3 Bg6 18. Bh3 Nb6 19. f5 exf5 20. Nxf5 Re8 21. O-O Bf8 22. Rae1 Qc7 23. Bf4 d4 24.
Bh2 Qd8 25. Nd2 Nd5 26. Nc4 Ne3 27. Nfxe3 dxe3 28. Qxe3 Nd4 29. Rf2 a5 30. Ref1 Ra7 31.
Bg2 a4 32. c3 bxc3 33. bxc3 Nb5 34. Bc6 Nxc3 35. Bxe8 Qxe8 36. e6 Kh7 37. exf7 Qd7 38. Ne5 Qe6 39. Qf3 Nd5 40. Nxg6 Kxg6 41. Re2 Qg4+ 42. Qxg4 hxg4 43. Re8 1-0

[Event "*** SCC Grand Prix: Titled Tuesday Blitz"]
[Site "Chess.com"]
[Date "2020.08.04"]
[Round "4"]
[White "ftorodent"]
[Black "Patov"]
[Result "1-0"]
[WhiteElo "2666"]
[BlackElo "2308"]
[TimeControl "180+1"]
[EndTime "14:22:44 PDT"]
[Termination "ftorodent won by resignation"]

1. d4 d5 2. c4 dxc4 3. Nf3 Nf6 4. e3 c5 5. Bxc4 cxd4 6. O-O e6 7. exd4 Be7 8. Nc3 O-O 9. Bg5 Nc6 10. a3 b6 11. Qd3 Bb7 12. Rad1 Rc8 13. Ba2 Nd5 14. Bb1 g6 15. Bh6 Nxc3 16. bxc3 Re8 17. a4 Na5 18. Ne5 Qd5 19. f3 Nc4 20. Qe2 Nxe5 21. Be4 Qc4 22.
Qxc4 Rxc4 23. Bxb7 Nd7 24. Bd2 Nf6 25. Ba6 Rc7 26. c4 Rd8 27. Bf4 Bd6 28. Bg5 Be7 29.
Rfe1 Kg7 30. Bh4 Rcd7 31. Bf2 Bc5 32. Bb5 Rd6 33. Kf1 Bxd4 34. Bg3 e5 35. f4 Ng4 36. fxe5 Re6 37. Re4 Ne3+ 38. Rxe3 1-0

[Event "*** SCC Grand Prix: Titled Tuesday Blitz"]
[Site "Chess.com"]
[Date "2020.08.04"]
[Round "4"]
[White "realmadridtv"]
[Black "anpospan"]
[Result "1-0"]
[WhiteElo "2480"]
[BlackElo "2319"]
[TimeControl "180+1"]
[EndTime "14:22:44 PDT"]
[Termination "realmadridtv won by resignation"]

1. d4 Nf6 2. c4 e6 3. g3 c5 4. d5 exd5 5. cxd5 d6 6. Bg2 g6 7. Nc3 Bg7 8. Nf3 O-O 9. O-O a6 10. a4 Nbd7 11. Re1 Re8 12. Bf4 Qe7 13. h3 h6 14. e4 g5 15. Bd2 Ne5 16. Nxe5 Qxe5 17. f4 Qd4+ 18. Be3 Qxd1 19. Raxd1 g4 20. h4 Bd7 21.
Bf2 Nh5 22. Kh2 b5 23. axb5 axb5 24. Ra1 b4 25. Rxa8 Rxa8 26. Nd1 Ra1 27. e5 dxe5 28. fxe5 Ba4 29. d6 c4 30. Bd5 c3 31. bxc3 bxc3 32. Nxc3 Rxe1 33. Bxe1 Bd7 34. Ne4 Bxe5 35. Nc5 Bxd6 36.
Nxd7 Kg7 37. Be4 Nf6 38. Bc3 Be7 39. Kg2 h5 40. Kf2 Bd8 41. Ke3 Be7 42. Kf4 Bd8 43.
Kf5 Kh6 44. Nxf6 Bxf6 45. Bxf6 Kh7 46. Kg5+ 1-0

[Event "*** SCC Grand Prix: Titled Tuesday Blitz"]
[Site "Chess.com"]
[Date "2020.08.04"]
[Round "4"]
[White "Sanyura"]
[Black "bascheyaro"]
[Result "0-1"]
[WhiteElo "2406"]
[BlackElo "2708"]
[TimeControl "180+1"]
[EndTime "14:22:46 PDT"]
[Termination "bascheyaro won by resignation"]

1. Nf3 d5 2. g3 Nf6 3. d3 Bf5 4.
Bg2 e6 5. O-O Be7 6. b3 O-O 7.
Bb2 h6 8. Ne5 Nbd7 9. Nxd7 Qxd7 10. Nd2 Rad8 11. a4 c5 12. Nf3 Qc7 13. Re1 d4 14. e4 dxe3 15. fxe3 Bg4 16. Qc1 Bh5 17.
Ne5 Nd7 18. Nxd7 Rxd7 19. e4 Bg5 20. Qb1 Bd2 21. Rf1 Be2 22. Rf2 Be3 23. Qe1 Bxf2+ 24. Qxf2 Bh5 25. Rf1 Bg6 26. Bh3 Re7 27. Qe1 b6 28.
Bg2 e5 29. Bc1 a6 30. h4 f5 31. h5 Bh7 32. exf5 Rxf5 33. Bd5+ Kh8 34. Rxf5 Bxf5 35.
Qf2 Qd7 36. c4 Re8 37. Bb2 Bxd3 38. Qe3 Qf5 39. Bg2 Bc2 40. g4 Qf4 41. Qe2 Bxb3 42.
Bc6 Qg3+ 43. Bg2 Rd8 44. Bxe5 Rd1+ 45. Qxd1 Qe3+ 0-1

[Event "*** SCC Grand Prix: Titled Tuesday Blitz"]
[Site "Chess.com"]
[Date "2020.08.04"]
[Round "4"]
[White "Tactictic"]
[Black "SiddharthGMJagadeesh"]
[Result "0-1"]
[WhiteElo "2385"]
[BlackElo "2585"]
[TimeControl "180+1"]
[EndTime "14:22:46 PDT"]
[Termination "SiddharthGMJagadeesh won by resignation"]

1. e4 d6 2. d4 Nf6 3. Nc3 e5 4. Nf3 exd4 5. Nxd4 Be7 6. Be2 O-O 7. O-O Re8 8. Be3 Bf8 9. f3 h6 10. Re1 c6 11. Bf1 Nbd7 12. Bf2 Ne5 13. h3 Ng6 14.
Qd2 Bd7 15. Rad1 Qc7 16. f4 Rad8 17. g3 a6 18. Bg2 c5 19. Nb3 Bc6 20. Nd5 Bxd5 21.
exd5 Ne7 22. c4 b5 23. cxb5 axb5 24. Na5 Nexd5 25. Bxd5 Nxd5 26. Qxd5 Qxa5 27. f5 Qa8 28. Qb3 Qc6 29. g4 Rxe1+ 30. Rxe1 d5 31. Qc2 c4 32. Bd4 Bc5 33. Qf2 Bxd4 34. Qxd4 Qf6 35.
Qxf6 gxf6 36. Kf2 d4 37. Rd1 d3 38. Ke3 b4 39. Kd2 Re8 40. Re1 c3+ 41. bxc3 bxc3+ 42. Kd1 c2+ 0-1

[Event "*** SCC Grand Prix: Titled Tuesday Blitz"]
[Site "Chess.com"]
[Date "2020.08.04"]
[Round "4"]
[White "rynos0411"]
[Black "kingofthenil"]
[Result "1-0"]
[WhiteElo "2368"]
[BlackElo "2470"]
[TimeControl "180+1"]
[EndTime "14:22:46 PDT"]
[Termination "rynos0411 won on time"]

1. d4 e5 2. dxe5 Nc6 3. Nf3 d5 4. g3 Bg4 5. Bg2 Qe7 6. O-O O-O-O 7. Bg5 f6 8. exf6 Nxf6 9. Nc3 h6 10. Bxf6 Qxf6 11.
Nxd5 Qxb2 12. Rb1 Qxa2 13. Nh4 Bc5 14. h3 Be6 15. e4 Rhf8 16. Ng6 Rf6 17. Ngf4 g5 18.
Nxe6 Rxe6 19. Qg4 Nd4 20. c3 h5 21. Qxh5 Ne2+ 22. Kh2 Kb8 23. Qxg5 Rf8 24. Nf4 Nxf4 25.
Qxc5 Ng6 26. Ra1 Qb2 27. Qxa7+ Kc8 28. Rab1 Qc2 29. Qxb7+ Kd7 30. Rbd1+ Rd6 31. Rxd6+ Kxd6 32. Qb4+ Kd7 33. Qd4+ Ke8 34. e5 Ne7 35. e6 Qa4 36. Qxa4+ 1-0

[Event "*** SCC Grand Prix: Titled Tuesday Blitz"]
[Site "Chess.com"]
[Date "2020.08.04"]
[Round "4"]
[White "Sadykov_Ramil"]
[Black "Yoshikrov"]
[Result "1-0"]
[WhiteElo "2435"]
[BlackElo "2140"]
[TimeControl "180+1"]
[EndTime "14:22:51 PDT"]
[Termination "Sadykov_Ramil won by checkmate"]

1. e4 c5 2. Nf3 d6 3. d4 cxd4 4. Nxd4 Nf6 5. Nc3 a6 6. Bc4 e6 7. Bb3 Be7 8. g4 h6 9. Be3 Nc6 10. Nxc6 bxc6 11. Qe2 d5 12. O-O-O Qc7 13. h4 Nxe4 14.
Nxe4 dxe4 15. g5 h5 16. g6 f5 17. Bg5 Bxg5+ 18. hxg5 Qf4+ 19. Kb1 Qxg5 20. Qc4 Bd7 21.
Rxd7 Kxd7 22. Rd1+ Kc7 23. Ba4 Rhd8 24. Qxc6+ Kb8 25. Qb6+ Kc8 26. Qxe6+ Kb8 27. Qb6+ Kc8 28.
Bd7+ Rxd7 29. Qc6+ Kb8 30. Qxd7 Ra7 31. Qe8+ Kb7 32.
a4 Kb6 33. Qe6+ Kc5 34. Rd5+ Kb4 35. Qb6+ Kc4 36. Qc5# 1-0

[Event "*** SCC Grand Prix: Titled Tuesday Blitz"]
[Site "Chess.com"]
[Date "2020.08.04"]
[Round "4"]
[White "Dr-Bassem"]
[Black "Machidon"]
[Result "1-0"]
[WhiteElo "2786"]
[BlackElo "2511"]
[TimeControl "180+1"]
[EndTime "14:22:52 PDT"]
[Termination "Dr-Bassem won on time"]

1. e4 c6 2. d4 d5 3. exd5 cxd5 4. c4 Nf6 5. Nc3 e6 6. Nf3 Be7 7. cxd5 Nxd5 8. Bd3 O-O 9. O-O Nc6 10. Re1 Bf6 11. Be4 Nce7 12. Qd3 Ng6 13. Bd2 b6 14. Bxd5 exd5 15. Ne5 Bb7 16. Re2 Bxe5 17. dxe5 d4 18. Nb5 Qd5 19. f4 Ba6 20. a4 f6 21. e6 Ne7 22. Bb4 Rfe8 23. Bxe7 Rxe7 24. f5 Rc8 25. Rd1 Rc5 26. Qxd4 Qxd4+ 27. Rxd4 Bxb5 28. axb5 g6 29. Rd7 Kf8 30. Rd8+ Kg7 31. Red2 Kh6 32. R2d7 Rxd7 33.
exd7 Rd5 34. fxg6 1-0

[Event "*** SCC Grand Prix: Titled Tuesday Blitz"]
[Site "Chess.com"]
[Date "2020.08.04"]
[Round "4"]
[White "CzechmVIII"]
[Black "Kaua18"]
[Result "0-1"]
[WhiteElo "2148"]
[BlackElo "2285"]
[TimeControl "180+1"]
[EndTime "14:22:52 PDT"]
[Termination "Kaua18 won on time"]

1. e4 c5 2. Nf3 Nc6 3. Nc3 e5 4. Bc4 d6 5. d3 Be7 6. O-O Nf6 7. Ng5 O-O 8. f4 h6 9. Nf3 exf4 10. Bxf4 Be6 11.
Nd5 Rb8 12. a3 b5 13. Ba2 Re8 14. Qd2 Bf8 15. Nh4 Nxd5 16. exd5 Qxh4 17. dxe6 fxe6 18. Rae1 Qf6 19. Bg3 Qxb2 20. Bxe6+ Kh8 21. Bd5 Nd4 22. Rxe8 Rxe8 23. Kh1 Qxc2 24. Qf4 Qxd3 25. Qf7 Kh7 26.
Rg1 Qg6 0-1

[Event "*** SCC Grand Prix: Titled Tuesday Blitz"]
[Site "Chess.com"]
[Date "2020.08.04"]
[Round "4"]
[White "saisree"]
[Black "DenLaz"]
[Result "0-1"]
[WhiteElo "2415"]
[BlackElo "2713"]
[TimeControl "180+1"]
[EndTime "14:22:53 PDT"]
[Termination "DenLaz won by resignation"]

1. Nf3 d5 2. e3 Nf6 3. b3 c6 4.
Bb2 Bg4 5. c4 Nbd7 6. Qc2 Bxf3 7. gxf3 g6 8. h4 h5 9. Bd3 Rg8 10. Nc3 e6 11. O-O-O Qa5 12. Kb1 O-O-O 13. Be2 Kb8 14.
d4 Ba3 15. Ba1 Bb4 16. e4 dxe4 17. fxe4 e5 18. d5 cxd5 19. Nxd5 Nxd5 20. Rxd5 Qc7 21. Rhd1 f6 22. Bb2 Nb6 23. Rxd8+ Rxd8 24. a3 Be7 25. Rxd8+ Qxd8 26. Qd3 Qxd3+ 27. Bxd3 Nd7 28. b4 Nf8 29. Bc1 g5 30. Be2 gxh4 31. Bxh5 h3 32. f4 h2 33. Bf3 Ne6 34. f5 Nd4 35. Bg2 Ne2 36. Kc2 Ng3 37. c5 h1=Q 38. Bxh1 Nxh1 39. Be3 Ng3 40.
Kd3 Nh5 41. Kc4 Nf4 42. Bd2 Kc7 43. Be3 a6 44. a4 Ng2 45. Bd2 Nh4 46. Kd5 Nf3 47. Be3 Nd4 48. Bxd4 exd4 49. Kxd4 Kc6 50. Kc4 Bd8 51. b5+ axb5+ 52. axb5+ Kd7 53. Kd5 Bc7 54. c6+ bxc6+ 55. bxc6+ Kc8 56. Ke6 Be5 57. Kd5 Kc7 58. Kc5 Bf4 59. Kd5 Bg3 60. Kc5 Be5 61. Kd5 Kb6 62. c7 Kxc7 63. Kc5 Kb7 64. Kb5 Kc7 65. Kc5 Kd7 66. Kd5 Ke7 67. Kc4 Kf7 68. Kd3 Kg7 69. Ke3 Kh6 70. Ke2 Kg5 71.
Kf3 Kh4 72. Kf2 Kg4 73. Ke3 Kg3 74. Ke2 Kf4 75. Kd3 Kf3 76. Kc4 Kxe4 0-1

[Event "*** SCC Grand Prix: Titled Tuesday Blitz"]
[Site "Chess.com"]
[Date "2020.08.04"]
[Round "4"]
[White "j_coca"]
[Black "Orest_Vovk"]
[Result "1-0"]
[WhiteElo "2319"]
[BlackElo "2455"]
[TimeControl "180+1"]
[EndTime "14:22:53 PDT"]
[Termination "j_coca won by resignation"]

1. f4 g5 2. fxg5 h6 3. gxh6 Bxh6 4. d3 Bxc1 5. Qxc1 Nf6 6. Nf3 Nc6 7. Nc3 d5 8. e3 Bg4 9. Be2 Qd7 10. Qd2 O-O-O 11.
O-O-O a6 12. h3 Be6 13. Kb1 d4 14. exd4 Nxd4 15. Nxd4 Qxd4 16. Bf3 b5 17. Rde1 b4 18. Ne4 Nd5 19. Ng5 Nc3+ 20. bxc3 bxc3 21. Qc1 Bxa2+ 22.
Kxa2 Rd5 23. Bxd5 Qxd5+ 24. Ka3 Qa5+ 25. Kb3 Kd7 26. Rxe7+ Kc6 27. Rxc7+ Qxc7 28. Qa3 Rb8+ 29. Ka2 Qe5 30. Rb1 Rxb1 31. Kxb1 Qxg5 32. Qxa6+ Kd7 33. Qb7+ Ke8 34. Qc8+ Ke7 35. Qxc3 Qxg2 36. Qb4+ Ke8 37. Qe4+ Qxe4 38. dxe4 Ke7 39. c4 Ke6 40. Kc2 Ke5 41. Kd3 Kf4 42. c5 Ke5 43. Ke3 Ke6 44. Kf4 Kd7 45.
Kf5 Kc6 46. Kf6 Kxc5 47. e5 Kd5 48. h4 Ke4 49. h5 1-0

[Event "*** SCC Grand Prix: Titled Tuesday Blitz"]
[Site "Chess.com"]
[Date "2020.08.04"]
[Round "4"]
[White "YIYUKI"]
[Black "albano87"]
[Result "1-0"]
[WhiteElo "2310"]
[BlackElo "2462"]
[TimeControl "180+1"]
[EndTime "14:22:56 PDT"]
[Termination "YIYUKI won by resignation"]

1. e4 c5 2. Nf3 Nc6 3. d3 g6 4.
Nbd2 Bg7 5. g3 d5 6. Bg2 Bg4 7.
h3 Bxf3 8. Qxf3 e6 9. O-O Nge7 10.
Re1 O-O 11. c3 dxe4 12. Qxe4 Ne5 13. Bf1 Qd5 14. Qxd5 exd5 15. Nb3 b6 16. d4 cxd4 17. Nxd4 Rfe8 18. Bg2 Rad8 19. Bg5 h6 20. Bf4 Nc4 21. b3 Nd6 22. Rad1 g5 23. Bxd6 Rxd6 24. Nf5 Re6 25. Nxg7 Kxg7 26. Kf1 Kf6 27. Rd3 Rd8 28. Red1 Red6 29.
c4 d4 30. Re1 Nc6 31. Bxc6 Rxc6 32. Re4 Rcd6 33. f4 Kf5 34. Re5+ Kf6 35. Re4 Kf5 36.
Re5+ Kf6 37. g4 Re6 38. Rd5 Rxd5 39. cxd5 Re4 40. fxg5+ hxg5 41. Rf3+ Rf4 42. Rxf4+ gxf4 43. h4 d3 44. h5 f3 45. Ke1 Ke5 46. h6 Kd4 47. h7 Ke3 48. h8=Q 1-0

[Event "*** SCC Grand Prix: Titled Tuesday Blitz"]
[Site "Chess.com"]
[Date "2020.08.04"]
[Round "4"]
[White "Mbneu"]
[Black "maxip32"]
[Result "0-1"]
[WhiteElo "2253"]
[BlackElo "2466"]
[TimeControl "180+1"]
[EndTime "14:22:56 PDT"]
[Termination "maxip32 won on time"]

1. d4 Nf6 2. c4 g6 3. Nc3 Bg7 4. e4 d6 5. f4 c5 6. d5 O-O 7. Nf3 e6 8. Be2 exd5 9. cxd5 Bg4 10. O-O Nbd7 11. Re1 Qa5 12. h3 Bxf3 13. Bxf3 Ne8 14. Re2 b5 15. Qc2 b4 16. Nd1 Nc7 17. Ne3 Nb5 18.
Nc4 Qa6 19. Be3 Nb6 20. e5 Nd4 21. Bxd4 Nxc4 22. Bf2 dxe5 23. Rc1 Nxb2 24. fxe5 Nd3 25. Rd1 Nxf2 26. Kxf2 c4 27. Kg1 Rfe8 28. e6 fxe6 29. dxe6 Rac8 30. Bd5 Re7 31. Rf1 Qb5 32. Qe4 c3 33.
Rf7 Qc5+ 34. Kh1 Rce8 35. Rxe7 Rxe7 36. Rf2 Bd4 37. Rf7 c2 0-1

[Event "*** SCC Grand Prix: Titled Tuesday Blitz"]
[Site "Chess.com"]
[Date "2020.08.04"]
[Round "4"]
[White "1977Ivan"]
[Black "pooh2012"]
[Result "1-0"]
[WhiteElo "2683"]
[BlackElo "2401"]
[TimeControl "180+1"]
[EndTime "14:22:57 PDT"]
[Termination "1977Ivan won on time"]

1. c4 e5 2. Nc3 d6 3. Nf3 f5 4. g3 Nf6 5. Bg2 Be7 6. d4 e4 7.
Ng5 c6 8. O-O h6 9. Nh3 O-O 10.
d5 cxd5 11. cxd5 a5 12. Be3 Ng4 13. Bd4 Bf6 14. f3 Bxd4+ 15. Qxd4 exf3 16. exf3 Nf6 17. Nf4 Bd7 18. Rfe1 Na6 19. Ne6 Bxe6 20. dxe6 Qe7 21.
Rad1 Rad8 22. f4 Nc5 23. Nd5 Nxd5 24. Bxd5 Kh8 25. Re3 b5 26. Rde1 Kh7 27. Kg2 g5 28. Rf1 g4 29. Rh1 Rg8 30. h3 gxh3+ 31. Rxh3 Rg6 32.
Kf2 Rc8 33. Rh5 Rf8 34. Re1 Nxe6 35. Qe3 Rff6 36. Rc1 Qg7 37. Rc8 Rf8 38. Bxe6 Qxb2+ 39. Kf3 Rxc8 40. Bxc8 1-0

[Event "*** SCC Grand Prix: Titled Tuesday Blitz"]
[Site "Chess.com"]
[Date "2020.08.04"]
[Round "4"]
[White "Donskov_AN"]
[Black "BlackBoarder"]
[Result "1-0"]
[WhiteElo "2427"]
[BlackElo "2547"]
[TimeControl "180+1"]
[EndTime "14:23:01 PDT"]
[Termination "Donskov_AN won by checkmate"]

1. e4 e6 2. d4 d5 3. Nc3 Bb4 4. Ne2 dxe4 5. a3 Be7 6. Nxe4 Nf6 7. Qd3 O-O 8. N2c3 Nc6 9. Be3 Nxe4 10. Nxe4 f5 11.
Nc3 f4 12. Bd2 Nxd4 13. O-O-O e5 14. Ne4 f3 15. Bc3 Bg4 16. Re1 fxg2 17. Bxg2 Ne2+ 18. Kb1 Qxd3 19. cxd3 Nf4 20. Bf1 Bd6 21. Rg1 Bf5 22.
Ka1 Rae8 23. h4 g6 24. Rg3 Nd5 25. Bd2 Kh8 26. Bh6 Rf7 27. Ng5 Rfe7 28. Bg2 c6 29. Be4 Nf4 30. Reg1 Bxe4 31. Nxe4 Bc7 32. Bxf4 exf4 33.
Rg5 Rd8 34. h5 gxh5 35. Nf6 Rf7 36. Rg8+ Rxg8 37. Rxg8# 1-0

[Event "*** SCC Grand Prix: Titled Tuesday Blitz"]
[Site "Chess.com"]
[Date "2020.08.04"]
[Round "4"]
[White "Zkid"]
[Black "Shota_Azaladze"]
[Result "1-0"]
[WhiteElo "2802"]
[BlackElo "2691"]
[TimeControl "180+1"]
[EndTime "14:23:05 PDT"]
[Termination "Zkid won by checkmate"]

1. e4 c5 2. Nf3 Nc6 3. Bb5 g6 4. Bxc6 dxc6 5. d3 Bg7 6. h3 Nf6 7. Nc3 Nd7 8. Be3 e5 9. Qd2 h6 10. O-O Qe7 11. Nh2 Nf8 12. f4 exf4 13. Bxf4 Ne6 14.
Bg3 O-O 15. e5 Nd4 16. Ne4 Nf5 17. Bf2 b6 18. Ng4 h5 19. Ngf6+ Kh8 20. g4 Qxe5 21. gxf5 Bxf6 22. Bg3 Qd4+ 23. Kh1 Kg7 24. Nxf6 Qxf6 25. fxg6 Qxg6 26. Be5+ f6 27. Rg1 Bg4 28. hxg4 hxg4 29. Bh2 f5 30. Rae1 Rae8 31. Rxe8 Rxe8 32. Re1 Rxe1+ 33.
Qxe1 Qf7 34. c4 Qd7 35. Qe3 Kg6 36. Kg1 Qg7 37. Be5 Qe7 38. Bd4 Qd6 39. Bc3 Kh5 40.
Kg2 f4 41. Qe8+ Kg5 42. Qg8+ Kf5 43. Qh7+ Kg5 44. Qe4 f3+ 45. Kf1 Qh2 46. Qe7+ Kf5 47.
Qf6# 1-0

[Event "*** SCC Grand Prix: Titled Tuesday Blitz"]
[Site "Chess.com"]
[Date "2020.08.04"]
[Round "4"]
[White "Alberquintin"]
[Black "Justinz"]
[Result "0-1"]
[WhiteElo "2464"]
[BlackElo "2354"]
[TimeControl "180+1"]
[EndTime "14:23:05 PDT"]
[Termination "Justinz won by resignation"]

1. c4 e5 2. Nc3 Nc6 3. Nf3 Nf6 4. g3 Bb4 5. Nd5 Bc5 6. Bg2 d6 7. O-O O-O 8. e3 a6 9. d4 Ba7 10. h3 Bf5 11. dxe5 dxe5 12. b3 Be4 13. Nc3 Bd3 14. Re1 Qd6 15. Bb2 Rad8 16. Nd5 Be4 17. Nc3 Qe7 18.
Qc1 Bd3 19. Rd1 e4 20. Nd2 Rfe8 21. a3 a5 22. Nb5 Bc5 23. Bc3 Rd7 24. Qb2 Red8 25.
Bxf6 gxf6 26. Nc3 f5 27. Nd5 Rxd5 28. cxd5 Rxd5 29. Nc4 h5 30. Qc3 h4 31. gxh4 f4 32. Rd2 Qxh4 33. Rad1 fxe3 34. Nxe3 Rg5 35. Rxd3 exd3 36.
Qxd3 Qxh3 37. Kf1 Qe6 38. Bd5 Qf6 39. Qe4 Ne5 40. Ke2 c6 41. Bc4 Nxc4 42. Nxc4 Qxf2+ 43. Kd3 Rg3+ 44. Ne3 Rxe3+ 0-1

[Event "*** SCC Grand Prix: Titled Tuesday Blitz"]
[Site "Chess.com"]
[Date "2020.08.04"]
[Round "4"]
[White "Char_dasha"]
[Black "Sn00pPawn"]
[Result "0-1"]
[WhiteElo "2396"]
[BlackElo "1977"]
[TimeControl "180+1"]
[EndTime "14:23:05 PDT"]
[Termination "Sn00pPawn won on time"]

1. Nf3 Nf6 2. g3 g6 3. Bg2 Bg7 4. O-O O-O 5. d4 d6 6. c4 Nc6 7.
Bf4 Bg4 8. d5 Na5 9. Nbd2 c5 10.
Rc1 a6 11. b3 b5 12. Qc2 Qd7 13. Rfe1 Bh3 14. Bh1 Rab8 15. e4 Qc7 16. e5 Nh5 17. Be3 bxc4 18. Nxc4 Bf5 19. Qe2 Nxc4 20. Rxc4 dxe5 21.
Bxc5 Qd7 22. Nxe5 Bxe5 23. Qxe5 Bd3 24. Rc3 Bb5 25. Qxe7 Rfe8 26. d6 Rxe7 27. Rxe7 Qf5 28. Rce3 Nf6 29. Bd4 Rc8 30. Re1 Nd5 31. R7e5 Qd3 32.
Rxd5 Qd2 33. Rde5 Rc1 0-1

[Event "*** SCC Grand Prix: Titled Tuesday Blitz"]
[Site "Chess.com"]
[Date "2020.08.04"]
[Round "4"]
[White "BikingBrian"]
[Black "chess_rehab"]
[Result "1-0"]
[WhiteElo "2166"]
[BlackElo "2276"]
[TimeControl "180+1"]
[EndTime "14:23:06 PDT"]
[Termination "BikingBrian won by resignation"]

1. d4 d5 2. Bf4 Nf6 3. e3 c5 4. Nc3 Nc6 5. Nb5 e5 6. dxe5 a6 7. Nc3 Ng4 8. Qxd5 Be6 9. Qxd8+ Rxd8 10. Nf3 Nb4 11. Rc1 f6 12. h3 Nxe5 13. Nxe5 fxe5 14. Bxe5 Be7 15. a3 Nd5 16. Be2 Bf6 17. Bxf6 gxf6 18. Nxd5 Bxd5 19. O-O Rg8 20. f3 Bc6 21. Rcd1 Rc8 22.
Rd6 Ke7 23. Rfd1 Rg3 24. Kf2 Rcg8 25. Bf1 R8g5 26. Rd8 h5 27. h4 Rg7 28. Rh8 Bb5 29. c4 Ba4 30. Rd5 b5 31. Rxc5 bxc4 32. Rc7+ Kd6 33.
Rxg7 Rxg7 34. Rxh5 Bb3 35. Ra5 Rd7 36. Rxa6+ Ke5 37. Kg3 Rg7+ 38. Kf2 Rd7 39. g4 Rd2+ 40.
Kg3 Rxb2 41. f4+ Ke4 42. Re6+ Kd5 43. Rxf6 c3 44. Bg2+ Kc4 45. Rc6+ Kd3 46. h5 c2 47. Rxc2 Rxc2 48. g5 Kxe3 49. h6 Bg8 50. g6 Rc6 51.
f5 Rf6 52. Kg4 Kf2 53. Kg5 Rxf5+ 54. Kxf5 Kxg2 55. h7 Bxh7 56. gxh7 Kf2 57. h8=Q Ke3 58. Qc3+ 1-0

[Event "*** SCC Grand Prix: Titled Tuesday Blitz"]
[Site "Chess.com"]
[Date "2020.08.04"]
[Round "4"]
[White "Lucas_Tomiello"]
[Black "ajdemipopushi"]
[Result "1-0"]
[WhiteElo "2459"]
[BlackElo "2263"]
[TimeControl "180+1"]
[EndTime "14:23:10 PDT"]
[Termination "Lucas_Tomiello won by resignation"]

1. e4 c5 2. Nf3 g6 3. c3 d5 4.
exd5 Qxd5 5. d4 Bg7 6. dxc5 Qxc5 7. Be3 Qc7 8. Be2 Nf6 9. h3 O-O 10. O-O Nc6 11. Qa4 h6 12. Rd1 a6 13. Na3 Be6 14. c4 Rad8 15. Rac1 Rxd1+ 16. Rxd1 Rd8 17. Rxd8+ Qxd8 18. Nc2 Ne4 19. c5 Qd5 20. Nb4 Nxc5 21. Qxc6 bxc6 22. Nxd5 Bxd5 23. Bxc5 Bxb2 24. a3 e5 25.
Bxa6 f5 26. Nd2 Bc3 27. Nc4 Kf7 28. Nd6+ Ke6 29. Bc8+ Kf6 30. Kf1 g5 31. f3 Be6 32.
Bb7 Bd5 33. a4 h5 34. Bc8 Be6 35. Bxe6 Kxe6 36. Nb7 Kd5 37. Be7 g4 38. fxg4 fxg4 39. hxg4 hxg4 40. a5 Bd4 41. a6 Kc4 42. Bc5 Kb5 43.
Bxd4 Kxa6 44. Bxe5 Kxb7 45. Kf2 c5 46. Kg3 Kc6 47.
Kxg4 Kd5 48. Ba1 Kc4 49. Kf5 1-0

[Event "*** SCC Grand Prix: Titled Tuesday Blitz"]
[Site "Chess.com"]
[Date "2020.08.04"]
[Round "4"]
[White "JMatias"]
[Black "kosya4ok"]
[Result "0-1"]
[WhiteElo "2408"]
[BlackElo "2720"]
[TimeControl "180+1"]
[EndTime "14:23:11 PDT"]
[Termination "kosya4ok won on time"]

1. e4 e6 2. d4 d5 3. Nc3 Bb4 4. Ne2 dxe4 5. a3 Bxc3+ 6. Nxc3 Nf6 7. Bg5 h6 8. Bh4 Nc6 9. Bxf6 Qxf6 10. Bb5 Bd7 11.
Nxe4 Qg6 12. Ng3 O-O-O 13. O-O Nxd4 14. Bd3 Qf6 15. Ne4 Qe7 16. b4 Bc6 17. Nc5 b6 18.
Na6 Bb7 19. Qg4 Rd5 20. f4 f5 21. Qg6 Qf6 22. Qxf6 gxf6 23. Rf2 h5 24. a4 h4 25.
a5 Rg8 26. axb6 cxb6 27. c3 Nb3 28. Bc4 Nxa1 29. Bxd5 Bxd5 30. c4 Be4 31. c5 Nc2 32.
b5 Ne3 33. c6 Nxg2 34. Rd2 Nxf4+ 35. Kf1 Nd5 0-1

[Event "*** SCC Grand Prix: Titled Tuesday Blitz"]
[Site "Chess.com"]
[Date "2020.08.04"]
[Round "4"]
[White "TST2014"]
[Black "Andreikka"]
[Result "0-1"]
[WhiteElo "2536"]
[BlackElo "2847"]
[TimeControl "180+1"]
[EndTime "14:23:14 PDT"]
[Termination "Andreikka won by resignation"]

1. d4 Nf6 2. c4 e6 3. Nf3 d5 4. Nc3 Be7 5. Bf4 O-O 6. e3 c5 7. dxc5 Bxc5 8. Qc2 Nc6 9. a3 Qa5 10. Rd1 Re8 11. Nd2 e5 12. Bg5 Nd4 13. Qb1 Bf5 14. Bd3 Bxd3 15. Qxd3 Ne4 16. Ncxe4 dxe4 17. Qxe4 Qb6 18.
b4 Bf8 19. O-O Ne2+ 20. Kh1 Nc3 21. Qc2 Nxd1 22. Rxd1 a5 23. c5 Qb5 24. Qc4 Qa4 25. Qb3 axb4 26. axb4 b6 27. Rc1 bxc5 28. bxc5 Rec8 29.
c6 Rxc6 30. Rxc6 Qxc6 31. h3 Qc1+ 32. Kh2 Qxd2 33. Bh4 Qa2 34. Qb7 Qa6 35. Qd5 Re8 36. Bg3 Qe6 37. Qb5 f6 38. e4 Rc8 39. Qb7 Qc6 40. Qb3+ Qc4 41. Qb7 h6 42. h4 Re8 43.
f3 Qf7 44. Qb5 h5 45. Qc6 Rd8 46. Qb6 Rd2 47. Be1 Re2 48. Bc3 Qa2 49. Qg1 Qc2 50. Be1 Bc5 51. Qf1 Kh7 52. Bg3 Be3 53. Qh1 Bf4 54.
Bxf4 exf4 55. Kh3 Qd2 56. Qb1 Qe1 57. Qxe1 Rxe1 58. Kh2 Kg6 0-1